Unix NetHack Version 5.0.0-0 post-release - last build Jun 10 2026 00:39:30 (3ee93aec679c4c4259841fe613dc97188e26a321,branch:main).

Game began 2026-06-28 22:12:23, ended 2026-06-28 22:14:44.

Brudee, chaotic female human Rogue

         ------    ----
      ----..|.-----...|
      |...............-----
     --...<................-
     |..........----------
--- --.........*|
|..--...........--
|................---
---...........)....---
  --.................|
   ----...........d..--
   ----...............|
   -............%.....|
     -----...........--
         ---.--@|..---
           ---------

Brudee the Footpad      St:15 Dx:15 Co:15 In:11 Wi:9 Ch:10  Chaotic S:230
Dlvl:4  $:16 HP:0(12) Pw:2(2) AC:7  Xp:1/16 T:292 

Latest messages:
 You see here a lembas wafer.
 k - a lembas wafer.
 You descend the stairs.
 You have no ammunition readied.
 What do you want to fire? [$b or ?*] b
 Your alternate weapon is 10 daggers.  Ready 9 of them? [ynq] (q) y
 You ready: l - 9 +0 daggers.
 In what direction? l
 The dagger hits the gnome.
 Shaggy bites the gnome.
 The gnome misses Shaggy.
 In what direction? l
 You throw 2 daggers.
 The 1st dagger hits the gnome.
 The 2nd dagger hits the gnome.
 You kill the gnome!
 Shaggy eats a gnome corpse.
 You swap places with Shaggy.
 l - 3 +0 daggers (at the ready) (9 in total).
 You see here a candle.
 m - a candle.
 The gnome is almost hit by a corroded arrow!
 The gnome picks up a corroded arrow.
 In what direction? j
 The dagger misses the gnome.
 In what direction? j
 You throw 2 daggers.
 The 1st dagger misses the gnome.
 The 2nd dagger hits the gnome.
 In what direction? j
 You kill the gnome!
 l - a +0 dagger (at the ready) (6 in total).
 You see here a corroded arrow.
 l - 2 +0 daggers (at the ready) (8 in total).
 l - a +0 dagger (at the ready) (9 in total).
 Really step onto that arrow trap? [yn] (n) n
 Really step onto that arrow trap? [yn] (n) y
 There is an arrow trap here.
 An arrow shoots out at you!
 You are hit by an arrow.
 n - a tin opener.
 You see here a chest.
 Hmmm, the chest turns out to be locked.
 Unlock it with your lock pick? [ynq] (q) y
 You succeed in picking the lock.
 You trigger a trap!
 You are jolted by a surge of electricity!
 You die...
 Do you want your possessions identified? [ynq] (y) y
 Do you want to see your attributes? [ynq] (y) q

Inventory:
 Coins    ('$')
  $ - 16 gold pieces
 Weapons  (')')
  b - a +0 dagger (alternate weapon; not wielded)
  l - 9 +0 daggers (at the ready)
  a - a +0 short sword (weapon in right hand)
 Armor    ('[')
  c - an uncursed +1 leather armor (being worn)
 Comestibles  ('%')
  i - 2 uncursed food rations
  k - an uncursed lembas wafer
 Scrolls  ('?')
  g - an uncursed scroll of enchant armor
 Spellbooks  ('+')
  j - an uncursed spellbook of healing
 Potions  ('!')
  d - an uncursed potion of sickness
 Tools    ('(')
  f - an empty uncursed sack
  h - an uncursed blindfold
  e - an uncursed lock pick
  m - an uncursed tallow candle
  n - a cursed tin opener

Brudee the Rogue's attributes:

Background:
 You were a Footpad, a level 1 female human Rogue.
 You were chaotic, on a mission for Kos
 who was opposed by Issek (lawful) and Mog (neutral).
 You were right-handed.
 You were in the Gnomish Mines, on level 4.
 You entered the dungeon 292 turns ago.
 It was nighttime.
 You had 16 experience points, 4 more were needed to attain level 2.
 Your score was 230 before end-of-game adjustments.

Basics:
 You had 0 out of 12 hit points.
 You had both energy points (spell power).
 Your armor class was 7.
 Your wallet contained 16 zorkmids.
 Autopickup was on for '$!=+?/"' plus thrown.

Final Characteristics:
 Your strength was 15 (limit:18/100).
 Your dexterity was 15 (limit:18).
 Your constitution was 15 (limit:18).
 Your intelligence was 11 (limit:18).
 Your wisdom was 9 (limit:18).
 Your charisma was 10 (limit:18).

Final Status:
 You weren't hungry.
 You were unencumbered.
 You were wielding a short sword.
 You had basic skill with short sword.

Final Attributes:
 You were fervently aligned.
 You were stealthy.
 You were warded.
 You are dead.

Miscellaneous:
 You didn't encounter any bones levels.
 Total elapsed playing time was 2 minutes and 19 seconds.

Major events:
 Turn
    1: Brudee the chaotic female human Rogue entered the dungeon
  266: entered the Gnomish Mines
  292: killed by an electric shock

You didn't know any spells.

Skills:
 Fighting Skills
   bare handed combat [Unskilled]
   two weapon combat  [Unskilled]
   riding             [Unskilled]
 Weapon Skills
   dagger             [Basic]
   knife              [Unskilled]
   short sword        [Basic]
   broadsword         [Unskilled]
   long sword         [Unskilled]
   two-handed sword   [Unskilled]
   saber              [Unskilled]
   club               [Unskilled]
   mace               [Unskilled]
   morning star       [Unskilled]
   flail              [Unskilled]
   hammer             [Unskilled]
   polearms           [Unskilled]
   spear              [Unskilled]
   crossbow           [Unskilled]
   dart               [Unskilled]
   shuriken           [Unskilled]
 Spellcasting Skills
   divination spells  [Unskilled]
   escape spells      [Unskilled]
   matter spells      [Unskilled]

Voluntary challenges:
 Character rerolling was not enabled.
 You went without food.
 You were an atheist.
 You were illiterate.
 You never genocided any monsters.
 You never polymorphed an object.
 You never changed form.
 You used no wishes.
Achievement:
 You entered the Gnomish Mines.

 The Dungeons of Doom: levels 1 to 3
    Level 1:
    Level 2:
       A fountain.
    Level 3:
       Stairs down to The Gnomish Mines.
 The Gnomish Mines:
    Level 4: <- You were here.
       Final resting place for
          you, killed by an electric shock.


Vanquished creatures:
  2 gnomes
  a sewer rat
  a newt
4 creatures vanquished.

No species were genocided or became extinct.

Game over:
                       ----------
                      /          \
                     /    REST    \
                    /      IN      \
                   /     PEACE      \
                  /                  \
                  |      Brudee      |
                  |      16 Au       |
                  |   killed by an   |
                  |  electric shock  |
                  |                  |
                  |                  |
                  |       2026       |
                 *|     *  *  *      | *
        _________)/\\_//(\/(/\)/\//\/|_)_______

Goodbye Brudee the Rogue...

You died in The Gnomish Mines on dungeon level 4 with 229 points,
and 16 pieces of gold, after 292 moves.
You were level 1 with a maximum of 12 hit points when you died.

